 Dungeon Crawl Stone Soup version 0.32-a0-35-gd9ff480968 (webtiles) character file.

Game seed: 16721019014411742204

11001 whatisthis the Destroyer (level 11, 0/74 HPs)
             Began as an Armataur Hedge Wizard on Jan 22, 2024.
             Was a Priest of Sif Muna.
             Slain by a vampire mosquito (4 damage)
             ... on level 12 of the Dungeon.
             The game lasted 00:33:28 (14409 turns).

whatisthis the Destroyer (Armataur Hedge Wizard)   Turns: 14409, Time: 00:33:29

Health: 0/74       AC: 10    Str: 19    XL:     11   Next: 43%
Magic:  10/24      EV: 10    Int: 22    God:    Sif Muna [***...]
Gold:   850        SH:  5    Dex: 16    Spells: 19/29 levels left

rFire   + . .        A - +6 long sword of the Tortured God {flame, Str+4 Int+3}
rCold   . . .        (no shield)
rNeg    . . .        b - +0 robe
rPois   .            c - +1 hat
rElec   +            o - +2 cloak of a sewer {rElec rF+}
rCorr   .            u - +1 pair of gloves
SInv    .            (no barding)
Will    +....        B - amulet of reflection
Stlth   ++           r - ring of willpower
HPRegen 0.32/turn    K - +6 ring of dexterity
MPRegen 0.19/turn

%: reflection, roll
@: about to teleport, marked
A: large, deformed body, tough skin 3, armoured tail, roll 2
a: Renounce Religion, Channel Magic, Forget Spell


You were on level 12 of the Dungeon.
You worshipped Sif Muna.
Sif Muna was most pleased with you.
You visited 1 branch of the dungeon, and saw 12 of its levels.
You also visited: Sewer.

You collected 850 gold pieces.

Inventory:

Hand Weapons
 i - a +2 dagger of venom
 n - the +7 staff of the Meek {protect, meekguard}
   (You found it on level 2 of the Dungeon)
 A - the +6 long sword of the Tortured God (weapon) {flame, Str+4 Int+3}
   (You found it on level 4 of the Dungeon)

   Str+4:     It affects your strength (+4).
   Int+3:     It affects your intelligence (+3).
Missiles
 l - 6 javelins
 m - 8 curare-tipped darts
 E - 45 poisoned darts
Armour
 b - a +0 robe (worn)
 c - a +1 hat (worn)
 o - the +2 cloak of a sewer (worn) {rElec rF+}
   (You found it on level 2 of the Dungeon)

   rF+:       It protects you from fire.
   rElec:     It insulates you from electricity.
 u - a +1 pair of gloves (worn)
Jewellery
 r - a ring of willpower (left hand)
 x - a ring of protection from cold
 B - an amulet of reflection (around neck)
 K - a +6 ring of dexterity (right hand)
 N - the ring of Ugikibih {^Contam rPois Str+6 Int+9}
   (You found it on level 7 of the Dungeon)

   [ring of strength]

   Str+6:     It affects your strength (+6).
   Int+9:     It affects your intelligence (+9).
   rPois:     It protects you from poison ^Contam: It causes magical
   contamination when unequipped.
 W - a ring of flight
Wands
 z - a wand of light (24)
 L - a wand of roots (12)
 O - a wand of flame (14)
 R - a wand of digging (7)
 V - a wand of charming (6)
Scrolls
 e - 2 scrolls of enchant weapon
 g - 6 scrolls of teleportation
 j - 2 scrolls of revelation {unknown}
 k - a scroll of silence
 p - 5 scrolls of fog
 t - a scroll of torment
 G - 3 scrolls of blinking
 H - 5 scrolls of immolation
 J - a scroll of vulnerability {unknown}
 M - a scroll of butterflies
 S - 2 scrolls of poison {unknown}
 T - a scroll of fear
 U - a scroll of amnesia {unknown}
Potions
 a - 4 potions of enlightenment
 d - 2 potions of magic
 f - 2 potions of mutation {unknown}
 h - 3 potions of degeneration {unknown}
 q - 3 potions of might {unknown}
 s - 4 potions of curing
 w - a potion of experience {unknown}
 C - a potion of cancellation {unknown}
 D - 4 potions of invisibility
 F - 3 potions of resistance {unknown}
 I - 2 potions of brilliance {unknown}
 P - a potion of heal wounds {unknown}
 Q - 3 potions of ambrosia {unknown}


   Skills:
 - Level 1.3 Dodging
 - Level 2.3 Stealth
 + Level 9.5 Spellcasting
 + Level 9.8 Conjurations
 - Level 0.7 Summonings
 + Level 7.4 Translocations
 - Level 6.3 Earth Magic


You had 19 spell levels left.
You knew the following spells:

 Your Spells              Type           Power      Damage    Failure   Level
a - Magic Dart            Conj           100%       1d8       1%          1
b - Stone Arrow           Conj/Erth      92%        3d12      1%          3
c - Blink                 Tloc           86%        N/A       1%          2
d - Iskenderun's Mystic   Conj/Tloc      48%        2d11      1%          4

Your spell library contained the following spells:

 Spells                   Type           Power      Damage    Failure   Level
 Mephitic Cloud           Conj/Alch/Air  25%        N/A       4%          3
 Slow                     Hex            40%        N/A       6%          1
 Call Imp                 Summ           26%        N/A       7%          2
 Flame Wave               Conj/Fire      32%        2d9       9%          4
 Cigotuvi's Dreadful Rot  Necr/Alch/Air  20%        N/A       10%         2
 Scorch                   Fire           20%        2d5       10%         2
 Animate Armour           Summ/Erth      52%        N/A       14%         4
 Dimensional Bullseye     Hex/Tloc       13%        N/A       14%         4
 Vhi's Electric Charge    Tloc/Air       52%        N/A       14%         4
 Tukima's Dance           Hex            10%        N/A       19%         3
 Arcjolt                  Conj/Air       16%        1d26      22%         5
 Summon Cactus Giant      Summ           6%         N/A       100%        6
 Lehudib's Crystal Spear  Conj/Erth      23%        10d6      100%        8
 Maxwell's Capacitive Co  Air            5%         ∞         100%        8


Dungeon Overview and Level Annotations

Branches:
Dungeon (12/15)            Temple (0/1) D:6            Lair (0/5) D:11
    Orc (0/2) D:10          Sewer (visited)

Altars:
Ashenzari
Fedhas
Gozag
Okawaru
Sif Muna
Yredelemnul

Shops:
D:4 *   D:6 :   D:8 =

Annotations:
D:7 1 runed translucent door, Crazy Yiuf
D:9 2 transporters, p00ps00p's ghost, journeyman HOFi


Innate Abilities, Weirdness & Mutations

Armour fits poorly on your strangely shaped body.
You have extremely tough skin. (AC +3)
You have a long armoured tail.
You regenerate magic and health when rolling toward enemies. (Rampage Regen)


Message History

The vampire mosquito bites you.
The vampire mosquito draws strength from your injuries!
The vampire mosquito bites you.
The vampire mosquito draws strength from your injuries!
The vampire mosquito bites you but does no damage.
You block the vampire mosquito's attack.
As you read the scroll of teleportation, it crumbles to dust.
You feel strangely unstable.
The vampire mosquito barely misses you. x2
The vampire mosquito misses you. The vampire mosquito barely misses you.
The vampire mosquito bites you.
* * * LOW HITPOINT WARNING * * *
The vampire mosquito draws strength from your injuries!
The vampire mosquito bites you but does no damage.
Okay, then.
You barely miss the vampire mosquito.
You block the vampire mosquito's attack.
The vampire mosquito bites you.
* * * LOW HITPOINT WARNING * * *
The vampire mosquito draws strength from your injuries!
The vampire mosquito closely misses you.
The vampire mosquito completely misses you.
The vampire mosquito bites you but does no damage. x2
The vampire mosquito bites you.
* * * LOW HITPOINT WARNING * * *
The vampire mosquito draws strength from your injuries!
The vampire mosquito closely misses you.
You slash the vampire mosquito! You burn the vampire mosquito.
The vampire mosquito is severely damaged.
The vampire mosquito bites you.
* * * LOW HITPOINT WARNING * * *
The vampire mosquito draws strength from your injuries!
The vampire mosquito bites you!
* * * LOW HITPOINT WARNING * * *
The vampire mosquito draws strength from your injuries!
You block the vampire mosquito's attack.
The vampire mosquito barely misses you. The vampire mosquito bites you.
* * * LOW HITPOINT WARNING * * *
The vampire mosquito draws strength from your injuries!
The vampire mosquito bites you.
You die...

#..# #............### #.###
##.............# ..#.##
#.............# .#...#
#.............## .....##
##.............### #.....#
#...........(...## ......##
##................#
.......###.....y.......##.##
............J..y@...#####.#
...........##..y...## #..#
........######....## ##..#
........# #..### ###...#
..#.....# #### ##.....#
..####### ##......# #
##.......## #.........#
#.........#


You could see a slime creature and 3 vampire mosquitoes.

Vanquished Creatures
  A two-headed ogre (D:10)
  2 cyclopes (D:11)
  An unseen horror (D:11)
  A komodo dragon (D:11)
  5 trolls
  2 hornets
  A wyvern (D:9)
  14 yaks
  A warg (D:10)
  A basilisk (D:12)
  2 steam dragons (D:5)
  3 vampire mosquitoes (D:11)
  4 acid dragons
  A water moccasin (D:8)
  8 orc warriors
  2 black bears
  2 ogres (D:5)
  5 centaurs
  3 kobold brigands
  A bullfrog (D:6)
  3 scorpions
  13 wights
  9 killer bees
  3 howler monkeys
  4 hounds
  4 orc priests
  3 bombardier beetles (D:4)
  3 jellies
  2 gnoll boudas
  A sleepcap (D:3)
  5 iguanas
  3 orc wizards
  8 gnolls
  9 adders
  A shadow imp (D:7)
  A white imp (D:6)
  2 dart slugs
  3 ribbon worms
  16 orcs
  14 ball pythons
  8 endoplasms
  3 giant cockroaches
  4 hobgoblins
  12 jackals
  A quokka (D:4)
  6 bats
  5 frilled lizards
  3 goblins
  30 kobolds
  12 rats
251 creatures vanquished.

Notes
Turn   | Place    | Note
-------+----------+-------------------------------------------
     0 | D:1      | whatisthis the Armataur Hedge Wizard began the quest for
                  | the Orb.
     0 | D:1      | Reached XP level 1. HP: 14/14 MP: 4/4
    39 | D:1      | Reached skill level 1 in Conjurations
   108 | D:1      | Found a faded altar of an unknown god.
   124 | D:1      | Reached XP level 2. HP: 20/20 MP: 0/5
   447 | D:1      | Reached XP level 3. HP: 26/26 MP: 4/7
   645 | D:1      | Learned a level 3 spell: Stone Arrow
  1006 | D:2      | Found the +7 staff of the Meek {protect, meekguard}
  1188 | D:2      | Identified the +2 cloak of a sewer {rElec rF+}
  1224 | D:2      | Reached XP level 4. HP: 33/33 MP: 3/9
  1322 | D:2      | Found a shimmering blue altar of Sif Muna.
  1331 | D:2      | Became a worshipper of Sif Muna the Loreminder
  3375 | D:4      | Noticed a scorpion
  3382 | D:4      | Killed a scorpion
  3383 | D:4      | Reached skill level 1 in Earth Magic
  3383 | D:4      | Reached XP level 5. HP: 38/38 MP: 6/11
  3614 | D:4      | Found Lisaaruq's Fire Supplies.
  3704 | D:4      | Identified the +6 long sword of the Tortured God {flame,
                  | Str+4 Int+3}
  3721 | D:4      | Reached XP level 6. HP: 45/45 MP: 7/12
  4015 | D:4      | Gained mutation: You regenerate magic and health when
                  | rolling toward enemies. (Rampage Regen) [Armataur growth]
  4015 | D:4      | Reached XP level 7. HP: 43/50 MP: 6/14
  4616 | D:4      | Reached skill level 5 in Spellcasting
  4656 | D:5      | Entered Level 5 of the Dungeon
  4691 | D:5      | Noticed a steam dragon
  4698 | D:5      | Noticed a steam dragon
  4703 | D:5      | Killed a steam dragon
  4706 | D:5      | Killed a steam dragon
  4707 | D:5      | Reached skill level 5 in Conjurations
  4707 | D:5      | Reached XP level 8. HP: 57/57 MP: 8/16
  4863 | D:5      | Found a glowing drain.
  4907 | Sewer    | Entered a sewer
  5155 | Sewer    | Reached * piety under Sif Muna
  5895 | D:5      | Reached ** piety under Sif Muna
  6017 | D:5      | Reached skill level 5 in Earth Magic
  6397 | D:5      | Learned a level 2 spell: Blink
  6547 | D:6      | Noticed a hornet
  6739 | D:6      | Killed a hornet
  6740 | D:6      | Reached XP level 9. HP: 51/62 MP: 1/18
  6850 | D:6      | Found a staircase to the Ecumenical Temple.
  6873 | D:6      | Found Zap Vaa's Book Shop.
  7061 | D:6      | You fall into a shaft and drop 2 floors!
  7218 | D:8      | Found Witi's Jewellery Emporium.
  7537 | D:7      | Identified the ring of Ugikibih {^Contam rPois Str+6 Int+9}
  7739 | D:7      | Found an iron altar of Okawaru.
  7746 | D:7      | Identified the +1 falchion of Ving {flame, Str+4}
  7748 | D:7      | Identified the +3 hand axe of Okawaru's Condemnation
                  | {antimagic, *Rage rElec Int+4}
  7767 | D:7      | Learned a level 4 spell: Iskenderun's Mystic Blast
  8414 | D:7      | Found a runed translucent door.
  8415 | D:7      | Noticed Crazy Yiuf
  8750 | D:8      | Found an opulent altar of Gozag.
  8759 | D:8      | Found a blossoming altar of Fedhas.
  9082 | D:8      | Found a basalt altar of Yredelemnul.
  9100 | D:8      | Found a broken altar of Ashenzari.
  9714 | D:9      | Noticed a troll
  9719 | D:9      | Killed a troll
  9864 | D:9      | Noticed p00ps00p's ghost (journeyman HOFi)
  9874 | D:9      | Found a transporter.
  9964 | D:8      | Reached *** piety under Sif Muna
  9965 | D:8      | Reached XP level 10. HP: 51/69 MP: 8/21
 10237 | D:9      | Noticed a centaur warrior
 10360 | D:9      | Found a transporter.
 10791 | D:10     | Entered Level 10 of the Dungeon
 10804 | D:10     | Reached skill level 5 in Translocations
 11025 | D:10     | Noticed a two-headed ogre
 11033 | D:10     | Killed a two-headed ogre
 11800 | D:10     | Found a staircase to the Orcish Mines.
 11850 | D:10     | Reached XP level 11. HP: 74/74 MP: 3/24
 12945 | D:11     | Found a staircase to the Lair.
 14409 | D:12     | Slain by a vampire mosquito

Illustrated notes

Levels and vault maps discovered:
D:1:      saegor_arrival_simple_e, layout_loops_ring,
          hellmonk_ecumenical_altar_pennies_from_heaven
D:2:      layout_basic, basic_altar
D:3:      layout_basic, minivault_27
D:4:      layout_basic, chequers_arboretum, nicolae_shop_fire_sale
          [nicolae_sub_dead_trees], kennysheep_generic_room_11
D:5:      kennysheep_steamy, layout_loops_ring,
          mainiacjoe_sewer_entry_somewhere_in_here_2
D:6:      layout_rooms, minmay_temple_entry_hall, serial_shops,
          nicolae_take_the_stairs
D:7:      layout_loops_corners, okawaru_ov_weapons_minmay,
          uniq_crazy_yiuf_cottage
D:8:      layout_basic, jmf_multi_god_temple2, nicolae_overflow_hidden_temple,
          mainiacjoe_overflow_surrounded_room, serial_shops, shop,
          feat_on_display
D:9:      layout_rooms, nzn_ghost_randoct
D:10:     layout_loops_corners, david_orc_1_choice
D:11:     layout_rooms, lair_entry_dummy, hangedman_abyss_or_decor_slice
D:12:     layout_cave_pods, grunt_decor_junction

Skill      XL: |  1  2  3  4  5  6  7  8  9 10 11 |
---------------+----------------------------------+-----
Conjurations   | 1 2 3 4 5 6 7 9 |  9.8
Spellcasting   | 3 4 5 6 7 9 |  9.5
Earth Magic    | 1 2 4 5 6 |  6.3
Translocations | 3 6 7 |  7.4
Dodging        | |  1.3
Stealth        | |  2.3
Summonings     | |  0.7

Action                     |  1- 3 |  4- 6 |  7- 9 | 10-12 || total
---------------------------+-------+-------+-------+-------++-------
  Melee: Dagger            |    86 |       |       |     9 ||    95
         Tailslap          |     6 |     3 |     7 |    13 ||    29
         Quarterstaff      |     8 |    13 |       |       ||    21
         Punch             |     1 |       |       |     1 ||     2
         Long sword        |       |    12 |    94 |    68 ||   174
  Throw: Javelin           |       |     3 |       |       ||     3
         Dart              |       |     2 |       |       ||     2
   Cast: Magic Dart        |    41 |   117 |   106 |    54 ||   318
         Stone Arrow       |       |       |    96 |    62 ||   158
         Iskenderun's Myst |       |       |     5 |    35 ||    40
         Blink             |       |       |       |     1 ||     1
    Use: Scroll            |       |       |       |    15 ||    15
   Stab: Sleeping          |     2 |     1 |     3 |       ||     6
 Armour: Robe              |    64 |    26 |   104 |   155 ||   349
  Dodge: Dodged            |    53 |    17 |    75 |    61 ||   206
  Block: Other             |       |       |    28 |    44 ||    72
         Reflection        |       |       |     3 |     8 ||    11

Table legend: (Time is in decaauts)
 A = Elapsed time spent in this place.
 B = Non-inter-level travel time spent in this place.
 C = Inter-level travel time spent in this place.
 D = Time resting spent in this place.
 E = Time spent auto-exploring this place.
 F = Levels seen in this place.
 G = Mean time per level.
                   A        B        C        D        E       F      G
               +--------+--------+--------+--------+--------+-----+--------+
         Total |  14487 |  13975 |    512 |   3873 |   7048 |  13 | 1114.4 |
       Dungeon |  13916 |  13404 |    512 |   3543 |   7048 |  12 | 1159.7 |
         Sewer |    571 |    571 |      0 |    330 |      0 |   1 |  571.0 |
               +--------+--------+--------+--------+--------+-----+--------+

Top non-repeatable levels by time:
    D:10: 2361 daAuts
     D:8: 1730 daAuts
     D:4: 1351 daAuts
     D:3: 1336 daAuts
     D:5: 1329 daAuts
     D:7: 1194 daAuts
    D:11: 1141 daAuts
     D:2: 997 daAuts
     D:1: 984 daAuts
     D:9: 827 daAuts
   Sewer: 571 daAuts
     D:6: 529 daAuts
    D:12: 132 daAuts
